 Dungeon Crawl Stone Soup version 0.30-a0-1074-g5db6f66fbb (webtiles) character file.

Game seed: 5788683354371998540

47196 promet the Eclecticist (level 14, -17/82 HPs)
             Began as a Deep Elf Fire Elementalist on Apr 12, 2023.
             Was an Elder of Vehumet.
             Killed from afar by an ice dragon (66 damage)
             ... with a blast of cold
             ... on level 5 of the Lair of Beasts on Apr 13, 2023.
             The game lasted 03:51:27 (34820 turns).

promet the Eclecticist (DEFE)                      Turns: 34820, Time: 03:51:31

Health: -17/82     AC:  5    Str: 13    XL:     14   Next: 7%
Magic:  29/35      EV: 13    Int: 28    God:    Vehumet [****..]
Gold:   664        SH:  5    Dex: 11    Spells: 11/43 levels left

rFire   + . .      SeeInvis .    a - +7 Throatcutter {drain, coup de grace}
rCold   x . .      Faith    .    (no shield)
rNeg    . . .      Spirit   .    y - +0 robe of Contentment {rElec Regen+ Int+4 Dex-4}
rPois   +          Reflect  +    T - +0 helmet
rElec   +          Rampage  .    G - +0 cloak {rPois}
rCorr   .                        s - +0 pair of gloves
Will    +....                    (no boots)
Stlth   +++                      h - amulet of reflection
HPRegen 1.13/turn                D - +6 ring of strength
MPRegen 0.24/turn                j - ring of fire

@: no status effects
A: no striking features
a: Renounce Religion


You were on level 5 of the Lair of Beasts.
You worshipped Vehumet.
Vehumet was greatly pleased with you.
You visited 3 branches of the dungeon, and saw 16 of its levels.

You collected 939 gold pieces.
You spent 275 gold pieces at shops.

Inventory:

Hand Weapons
 a - the +7 Throatcutter (weapon) {drain, coup de grace}
   (You found it on level 2 of the Dungeon)
 b - a +0 arbalest
 i - a +2 heavy spear
 p - a +0 battleaxe
 A - a +3 flail
 B - a +1 rapier of venom
 J - a +2 falchion of holy wrath
 K - a +1 sling
 L - a +4 quarterstaff of chaos
 R - a +3 morningstar
Missiles
 e - 132 stones
 f - 26 poisoned darts
 l - 4 curare-tipped darts
 u - 12 boomerangs (quivered)
 H - 3 throwing nets
 Y - 2 javelins
Armour
 o - a +0 robe
 s - a +0 pair of gloves (worn)
 y - the +0 robe of Contentment (worn) {rElec Regen+ Int+4 Dex-4}
   (You found it on level 5 of the Dungeon)

   Int:       It affects your intelligence (+4).
   Dex:       It affects your dexterity (-4).
   rElec:     It insulates you from electricity.
   Regen:     It increases your rate of health regeneration.
 F - +0 acid dragon scales
 G - a +0 cloak of poison resistance (worn)
 T - a +0 helmet (worn)
Magical Staves
 c - a staff of fire
Jewellery
 h - an amulet of reflection (around neck)
 j - a ring of fire (right hand)
 z - a +4 ring of protection
 D - a +6 ring of strength (left hand)
 E - a ring of flight
 I - an amulet of regeneration
Wands
 C - a wand of paralysis (30)
 N - a wand of iceblast (35)
 P - a wand of mindburst (12)
 V - a wand of polymorph (1)
Scrolls
 n - 2 scrolls of enchant weapon
 w - a scroll of noise
 x - 6 scrolls of teleportation
 Q - 4 scrolls of identify
 X - a scroll of brand weapon {unknown}
Potions
 d - 6 potions of attraction
 g - 5 potions of might
 k - a potion of heal wounds
 m - 4 potions of lignification
 q - 3 potions of brilliance
 r - 2 potions of cancellation
 t - 8 potions of curing
 v - a potion of berserk rage
 M - a potion of magic
 O - a potion of flight
 U - 2 potions of haste


   Skills:
 * Level 7.4 Fighting
 + Level 9.0 Long Blades
 + Level 0.1(0.3) Polearms
 + Level 0.6(0.7) Staves
 + Level 2.3 Ranged Weapons
 + Level 0.1 Throwing
 + Level 5.5 Dodging
 + Level 7.4 Stealth
 + Level 2.4 Shields
 + Level 15.4 Spellcasting
 + Level 5.5 Conjurations
 + Level 5.2 Hexes
 + Level 2.0 Necromancy
 + Level 7.6 Translocations
 + Level 11.7 Fire Magic
 * Level 1.0 Ice Magic
 + Level 5.8 Evocations


You had 11 spell levels left.
You knew the following spells:

 Your Spells              Type           Power      Damage    Failure   Level
a - Foxfire               Conj/Fire      100%       2x1d9     1%          1
b - Scorch                Fire           100%       2d9       1%          2
c - Volatile Blastmotes   Fire/Tloc      100%       2d18      1%          3
d - Flame Wave            Conj/Fire      81%        2d18      1%          4
e - Tukima's Dance        Hex            50%        N/A       1%          3
f - Gell's Gravitas       Tloc           59%        N/A       1%          3
g - Teleport Other        Tloc           59%        N/A       1%          3
h - Anguish               Hex/Necr       20%        N/A       5%          4
i - Fulminant Prism       Conj/Hex       25%        3d14      1%          4
j - Blink                 Tloc           100%       N/A       1%          2
k - Hailstorm             Conj/Ice       39%        3d9       1%          3

Your spell library contained the following spells:

 Spells                   Type           Power      Damage    Failure   Level
 Necrotise                Necr           100%       1d9       1%          1
 Shock                    Conj/Air       100%       1d9       1%          1
 Lesser Beckoning         Tloc           100%       N/A       1%          2
 Momentum Strike          Conj/Tloc      100%       3d10      1%          2
 Inner Flame              Hex/Fire       81%        N/A       1%          3
 Portal Projectile        Hex/Tloc       100%       N/A       1%          3
 Cigotuvi's Dreadful Rot  Necr/Pois/Air  50%        N/A       2%          2
 Vampiric Draining        Necr           32%        2d8       3%          3
 Freezing Cloud           Conj/Ice/Air   16%        6-21      7%          5
 Dispel Undead            Necr           32%        3d14      10%         4
 Agony                    Necr           32%        N/A       28%         5
 Conjure Ball Lightning   Conj/Air       18%        3x3d6     28%         6
 Blade Hands              Tmut           10%        N/A       54%         5
 Death Channel            Necr           16%        N/A       83%         6
 Simulacrum               Ice/Necr       15%        N/A       88%         6
 Enfeeble                 Hex            25%        N/A       92%         7
 Ozocubu's Refrigeration  Ice            13%        4d10      95%         7
 Maxwell's Capacitive Co  Air            10%        ∞         100%        8
 Polar Vortex             Ice            13%        N/A       100%        9


Dungeon Overview and Level Annotations

Branches:
Dungeon (10/15)            Temple (1/1) D:6            Lair (5/5) D:10
 Shoals (0/4) Lair:3       Spider (0/4) Lair:3          Orc (0/2) D:9
  Slime: Lair:4-5

Altars:
Ashenzari
Cheibriados
Dithmenos
Elyvilon
Fedhas
Gozag
Hepliaklqana
Kikubaaqudgha
Makhleb
Nemelex Xobeh
Okawaru
Qazlal
Ru
Sif Muna
Trog
Uskayaw
Vehumet
Wu Jian
Xom
Yredelemnul
Zin
The Shining One
Lugonu

Shops:
D:4 (   D:6 :*

Annotations:
D:5 1 runed translucent door, LustLizard's ghost, novice HOMo
D:7 2 transporters, osoart's ghost, novice MfGl
Lair:2 3 runed translucent doors, Sehiablu's ghost, journeyman TrBe


Message History

You feel sick.
You are no longer poisoned.
There is a stone staircase leading up, spattered with blood here.
You climb upwards.
There is a stone staircase leading down here.
You start resting.
Magic restored.
You start resting.
HP restored.
You climb downwards.
There is a stone staircase leading up, spattered with blood here.
You see here a redback corpse.
You see here a redback corpse.
There is a stone staircase leading up, spattered with blood here.
Found 101 gold pieces.
Found a runed translucent door.
Found 60 gold pieces.
Found 22 gold pieces.
There is a fountain of sparkling water here.
There is a fountain of sparkling water here.
Casting: Flame Wave (safe; 1% risk of failure)
Confirm with . or Enter, or press ? or * to list all spells.
You feel a surge of power!
A cloud of volatile blastmotes flares up around you!
The ice dragon roars deafeningly!
You open the door. The ice dragon breathes frost at you.
The blast of cold hits you!!!
You feel a terrible chill!
The cloud of blastmotes explodes!
The concussive blast engulfs the ice dragon!
The ice dragon is burned terribly!
The ice dragon is lightly wounded.
Casting: Volatile Blastmotes (safe; 1% risk of failure)
Confirm with . or Enter, or press ? or * to list all spells.
Casting: Flame Wave (safe; 1% risk of failure)
Press: ? - help, Dir - look around, f - activate You feel a surge of power!
A wave of flame ripples out! (Press . to intensify the flame waves.)
The ice dragon breathes frost at you. The blast of cold hits you!!!
You feel a terrible chill!
Ouch! That really hurt!
You die...

.###......#.........#
.######..#####.#...##
..# ##### ##..#..##
#.#### ##$ ##.##..##
.##..## #$$$ ###....#
###...# #$$$ ##..###
.#...## #$.$ #..##
......# $D####..#
..#.### #'#.@.##
.#### ##D..## ##
#.⌠.## ###...# #....#
###..... ##...# ####


You could see an ice dragon (catching breath).

Vanquished Creatures
  Harold (Lair:1)
  3 hydras
  2 catoblepae
  2 lindwurms
  A merfolk siren (Lair:3)
  7 black mambas
  6 elephants (Lair:3)
  13 cane toads
  2 torpor snails (Lair:5)
  An unseen horror (D:10)
  A rime drake (Lair:4)
  2 komodo dragons
  7 hornets
  A meliai (Lair:3)
  3 polar bears
  2 trolls (D:10)
  2 tyrant leeches (Lair:5)
  22 blink frogs
  A shadow (D:8)
  8 wyverns
  36 yaks
  A basilisk (Lair:1)
  2 redbacks (Lair:5)
  2 steam dragons
  3 wargs (D:10)
  An acid dragon (D:6)
  14 water moccasins
  6 orc warriors
  2 sky beasts
  2 black bears
  15 wolves
  An ogre (D:5)
  7 centaurs
  2 phantoms (D:5)
  7 bullfrogs
  2 kobold brigands
  A scorpion (D:6)
  3 wights (D:6)
  19 killer bees
  3 howler monkeys
  5 hounds
  4 jellies (D:5)
  Crazy Yiuf (D:7)
  A gnoll bouda (D:8)
  10 orc priests
  A sleepcap (D:7)
  6 iguanas
  17 orc wizards
  12 adders
  16 gnolls
  A shadow imp (D:6)
  A white imp (D:7)
  A worm (D:2)
  5 dart slugs
  42 orcs
  4 endoplasms
  7 giant cockroaches
  9 goblins
  10 hobgoblins
  3 quokkas
  3 ball pythons (D:1)
  5 bats
  3 frilled lizards
  15 kobolds
  8 rats
  2 bushes
  A butterfly (Lair:1)
409 creatures vanquished.

Vanquished Creatures (collateral kills)
  5 foxfires
5 creatures vanquished.

Vanquished Creatures (others)
  A torpor snail (Lair:5)
  A komodo dragon (Lair:5)
  A hornet (Lair:5)
  A yak (Lair:5)
  A wolf (Lair:3)
  646 foxfires
  19 fulminant prisms
  65 fungi
  136 plants
871 creatures vanquished.

Grand Total: 1285 creatures vanquished

Notes
Turn   | Place    | Note
-------+----------+-------------------------------------------
     0 | D:1      | promet the Deep Elf Fire Elementalist began the quest for
                  | the Orb.
     0 | D:1      | Reached XP level 1. HP: 10/10 MP: 6/6
   791 | D:1      | Reached XP level 2. HP: 15/15 MP: 6/8
  1387 | D:1      | Learned a level 2 spell: Scorch
  1891 | D:2      | Found the +7 Throatcutter {drain, coup de grace}
  1916 | D:2      | Reached skill level 1 in Ranged Weapons
  2064 | D:2      | Reached XP level 3. HP: 19/19 MP: 6/9
  2588 | D:2      | Reached skill level 1 in Long Blades
  3311 | D:3      | Reached skill level 4 in Spellcasting
  3311 | D:3      | Reached XP level 4. HP: 24/24 MP: 8/12
  3789 | D:3      | Reached XP level 5. HP: 28/28 MP: 8/14
  4745 | D:4      | Reached skill level 5 in Fire Magic
  4748 | D:4      | Reached XP level 6. HP: 32/32 MP: 9/15
  4857 | D:4      | Reached skill level 5 in Spellcasting
  5847 | D:4      | Found Lokk's Weapon Shop.
  6670 | D:5      | Entered Level 5 of the Dungeon
  7232 | D:5      | Reached XP level 7. HP: 37/37 MP: 13/17
  7828 | D:4      | Reached skill level 6 in Spellcasting
  8202 | D:5      | Learned a level 3 spell: Volatile Blastmotes
  8632 | D:5      | Reached skill level 1 in Fighting
  9173 | D:5      | Identified the +0 robe of Contentment {rElec Regen+ Int+4
                  | Dex-4}
  9203 | D:5      | Reached skill level 5 in Stealth
  9391 | D:5      | Found a runed translucent door.
  9411 | D:5      | Noticed LustLizard's ghost (novice HOMo)
  9473 | D:5      | Reached skill level 7 in Spellcasting
  9704 | D:5      | Learned a level 4 spell: Flame Wave
  9729 | D:5      | Reached XP level 8. HP: 44/44 MP: 16/20
 10012 | D:5      | Found a faded altar of an unknown god.
 10012 | D:5      | Found an opulent altar of Gozag.
 10021 | D:5      | Found an ornate altar of the Wu Jian Council.
 10024 | D:5      | Found a faded altar of an unknown god.
 10026 | D:5      | Found a snail-covered altar of Cheibriados.
 10642 | D:6      | Found Lufowkewo's Elemental Accessories.
 10669 | D:6      | Reached skill level 8 in Spellcasting
 10811 | D:6      | Learned a level 3 spell: Inner Flame
 10892 | D:6      | Found a staircase to the Ecumenical Temple.
 10907 | Temple   | Entered the Ecumenical Temple
 10926 | Temple   | Became a worshipper of Vehumet
 10970 | D:6      | Found a broken altar of Ashenzari.
 10970 | D:6      | Found a bloodstained altar of Trog.
 10971 | D:6      | Found an ancient bone altar of Kikubaaqudgha.
 10980 | D:6      | Upgraded the game from 0.30-a0-1066-g63dfefce0d to
                  | 0.30-a0-1074-g5db6f66fbb
 11005 | D:6      | Reached skill level 1 in Translocations
 11464 | D:6      | Found Ogo Dodd's Tremendous Tomes.
 11650 | D:6      | Reached skill level 9 in Spellcasting
 12253 | D:7      | Found a bloodstained altar of Trog.
 12253 | D:7      | Noticed osoart's ghost (novice MfGl)
 12327 | D:7      | Noticed a moth of wrath
 12333 | D:7      | Found a transporter.
 12423 | D:7      | Found a transporter.
 12491 | D:7      | Reached XP level 9. HP: 21/50 MP: 14/24
 12975 | D:7      | Learned a level 3 spell: Gell's Gravitas
 12979 | D:7      | Learned a level 3 spell: Teleport Other
 13171 | D:7      | Found a glowing silver altar of Zin.
 13669 | D:7      | Found a shadowy altar of Dithmenos.
 14168 | D:7      | Found a runed translucent door.
 14169 | D:7      | Noticed Crazy Yiuf
 14175 | D:7      | Killed Crazy Yiuf
 14572 | D:6      | Bought a staff of fire for 275 gold pieces
 14922 | D:8      | Found a flagged portal.
 15170 | D:8      | Reached skill level 10 in Spellcasting
 15247 | D:8      | Reached skill level 1 in Evocations
 15407 | D:8      | You fall into a shaft and drop 2 floors!
 15407 | D:10     | Entered Level 10 of the Dungeon
 15471 | D:10     | Reached * piety under Vehumet
 15471 | D:10     | Offered knowledge of Magic Dart by Vehumet.
 15738 | D:10     | Reached skill level 1 in Shields
 15962 | D:9      | Reached XP level 10. HP: 50/58 MP: 21/26
 16265 | D:8      | Found a sacrificial altar of Ru.
 16638 | D:8      | Found a hide-covered altar of Uskayaw.
 17440 | D:9      | Reached skill level 11 in Spellcasting
 17585 | D:9      | Reached ** piety under Vehumet
 17594 | D:9      | Offered knowledge of Kiss of Death by Vehumet.
 18123 | D:9      | Found a staircase to the Orcish Mines.
 19184 | D:10     | Reached skill level 5 in Fighting
 19359 | D:10     | Found a white marble altar of Elyvilon.
 19386 | D:10     | Found a blossoming altar of Fedhas.
 19425 | D:10     | Found a shimmering blue altar of Sif Muna.
 19492 | D:10     | Found a staircase to the Lair.
 19581 | D:10     | Reached skill level 5 in Evocations
 20606 | D:10     | Reached XP level 11. HP: 64/64 MP: 22/28
 20631 | Lair:1   | Entered Level 1 of the Lair of Beasts
 20648 | D:10     | Reached skill level 5 in Translocations
 21052 | Lair:1   | Reached skill level 12 in Spellcasting
 23368 | Lair:1   | Reached skill level 10 in Fire Magic
 23557 | Lair:2   | Learned a level 3 spell: Tukima's Dance
 23580 | Lair:2   | Noticed Harold
 23608 | Lair:2   | Noticed an eight-headed hydra
 23614 | Lair:2   | Noticed a catoblepas
 23618 | Lair:2   | Found a runed translucent gate.
 23618 | Lair:2   | Found a runed translucent gate.
 23618 | Lair:2   | Noticed Sehiablu's ghost (journeyman TrBe)
 23827 | Lair:1   | Reached XP level 12. HP: 69/69 MP: 30/30
 24193 | Lair:2   | Offered knowledge of Frozen Ramparts by Vehumet.
 24194 | Lair:2   | Reached skill level 1 in Hexes
 24215 | Lair:1   | Killed Harold
 24767 | Lair:2   | Killed an eight-headed hydra
 25088 | Lair:2   | Reached *** piety under Vehumet
 25089 | Lair:2   | Reached skill level 13 in Spellcasting
 25101 | Lair:2   | Killed a catoblepas
 25869 | Lair:2   | Found a runed translucent gate.
 26130 | Lair:3   | Reached XP level 13. HP: 75/75 MP: 23/32
 26416 | Lair:3   | Learned a level 4 spell: Anguish
 26513 | Lair:3   | Offered knowledge of Fulminant Prism by Vehumet.
 26975 | Lair:3   | Reached skill level 5 in Dodging
 27172 | Lair:3   | Found a hole to the Spider Nest.
 27612 | Lair:3   | Found a staircase to the Shoals.
 27831 | Lair:3   | Reached skill level 5 in Hexes
 28908 | Lair:4   | Reached skill level 1 in Necromancy
 29238 | Lair:4   | Reached skill level 14 in Spellcasting
 29506 | Lair:4   | Got Sif Muna's Elucidation of the Chupacabra
 29512 | Lair:4   | Learned a level 4 spell: Fulminant Prism
 29630 | Lair:4   | Learned a level 2 spell: Blink
 29971 | Lair:5   | Entered Level 5 of the Lair of Beasts
 30249 | Lair:5   | Reached skill level 5 in Conjurations
 30457 | Lair:5   | Reached **** piety under Vehumet
 32154 | Lair:5   | Offered knowledge of Hailstorm by Vehumet.
 32329 | Lair:5   | Paralysed by a hornet for 2 turns
 32964 | Lair:4   | Reached skill level 15 in Spellcasting
 33908 | Lair:5   | Reached XP level 14. HP: 82/82 MP: 32/35
 34131 | Lair:5   | Learned a level 3 spell: Hailstorm
 34753 | Lair:5   | Reached skill level 1 in Ice Magic
 34810 | Lair:5   | Found a runed translucent door.
 34820 | Lair:5   | Killed from afar by an ice dragon

Illustrated notes

Levels and vault maps discovered:
D:1:      roderic_chinese_lattice_arrival, layout_loops_cross,
          grunt_decor_resistance
D:2:      layout_basic, kennysheep_boxes
D:3:      layout_basic, portal_sewer_entry_e, serial_forest,
          infiniplex_forest_clump_curved, infiniplex_forest_split,
          infiniplex_forest_lined_1, infiniplex_forest_straight_1,
          infiniplex_forest_straight_1, infiniplex_forest_clump_curved,
          infiniplex_forest_pool
D:4:      layout_layer_cave, serial_shops, nicolae_square_shop,
          nicolae_half_adder
D:5:      layout_basic, chequers_temple_overflow_minitemple,
          ebering_ghost_reflecting_pool
D:6:      layout_loops_ring, gammafunk_temple_overflow_claw, temple_statues,
          amethyst_killhole, nicolae_elemental_shop,
          nicolae_shop_i_like_big_books
D:7:      layout_basic, grunt_dithmenos_smoke, zin_treasury,
          gammafunk_ghost_wrathful_warriors, nrook_mini_backslash, st_stairs_2,
          minmay_misc_feat_alley, serial_bayou_pond_e, sigmund_army,
          uniq_crazy_yiuf_cottage
D:8:      layout_gridville, general_overflow_altar,
          mainiacjoe_overflow_small_starburst, enter_bailey_5, chequers_jeans
D:9:      layout_cave_pools, david_orc_4
D:10:     layout_irregular_city, mainiacjoe_overflow_tiny_flanked,
          kennysheep_little_box, nicolae_overflow_crystal_walls,
          erik_lair_orcish_takeover, st_stairs_6, roderic_roman_lattice,
          minmay_misc_feat_square
Temple:   corrupted_temple
Lair:1:   layout_gridlike, grunt_megastairs_1, lemuel_fruit_fields
Lair:2:   layout_hall_layers, gammafunk_ghost_necromancy, grunt_megastairs_2,
          uniq_harold
Lair:3:   layout_loops_ring, elwin_shoals_entry_rooms,
          hellmonk_spider_entry_not_the_bees
Lair:4:   layout_regular_city
Lair:5:   hangedman_lair_tendril_chambers, layout_layer_cave, wormcave,
          dpeg_slime_entry_corner, nicolae_volcano_entry_hallway,
          serial_bayou_shore_a

Skill      XL: |  1  2  3  4  5  6  7  8  9 10 11 12 13 14 |
---------------+-------------------------------------------+-----
Ranged Weapons | 1 2 |  2.3
Long Blades    | 1 2 3 8 9 |  9.0
Spellcasting   | 4 5 7 9 10 11 12 13 15 | 15.4
Fire Magic     | 4 5 6 7 8 9 10 11 | 11.7
Stealth        | 4 5 7 |  7.4
Fighting       | 1 3 4 5 6 7 |  7.4
Conjurations   | 2 3 4 5 |  5.5
Dodging        | 3 4 5 |  5.5
Translocations | 2 3 4 5 6 7 |  7.6
Evocations     | 2 5 |  5.8
Shields        | 1 2 |  2.4
Hexes          | 3 5 |  5.2
Necromancy     | 1 2 |  2.0
Ice Magic      | 1 |  1.0
Polearms       | |  0.1
Staves         | |  0.6
Throwing       | |  0.1

Action                     |  1- 3 |  4- 6 |  7- 9 | 10-12 | 13-15 || total
---------------------------+-------+-------+-------+-------+-------++-------
  Melee: Long sword        |     2 |    18 |    27 |    43 |    53 ||   143
         Staff             |       |       |     1 |    29 |    38 ||    68
         Spear             |       |       |       |     1 |       ||     1
         Rapier            |       |       |       |       |     3 ||     3
   Fire: Sling             |     2 |       |       |       |       ||     2
         Arbalest          |       |       |     2 |     1 |     2 ||     5
  Throw: Stone             |     1 |       |       |       |       ||     1
         Dart              |       |       |     1 |     3 |       ||     4
         Boomerang         |       |       |       |     2 |     2 ||     4
   Cast: Foxfire           |    51 |    57 |    75 |   133 |    68 ||   384
         Scorch            |     4 |    23 |    39 |    30 |    68 ||   164
         Volatile Blastmot |       |       |    77 |   109 |    81 ||   267
         Flame Wave        |       |       |     3 |    25 |    34 ||    62
         Gell's Gravitas   |       |       |     1 |     7 |     1 ||     9
         Teleport Other    |       |       |       |     3 |       ||     3
         Tukima's Dance    |       |       |       |     2 |       ||     2
         Anguish           |       |       |       |       |    18 ||    18
         Fulminant Prism   |       |       |       |       |    19 ||    19
         Blink             |       |       |       |       |     6 ||     6
         Hailstorm         |       |       |       |       |     6 ||     6
  Evoke: Wand              |       |       |       |     1 |       ||     1
    Use: Scroll            |     9 |       |     9 |    12 |     2 ||    32
         Potion            |       |     1 |       |     6 |     3 ||    10
   Stab: Sleeping          |       |     3 |       |       |     1 ||     4
 Armour: Robe              |     2 |     2 |    28 |    60 |    48 ||   140
  Dodge: Dodged            |    11 |    19 |    58 |   144 |   174 ||   406
  Block: Other             |       |     6 |    22 |    66 |    62 ||   156
         Reflection        |       |     1 |     7 |    10 |       ||    18

Table legend: (Time is in decaauts)
 A = Elapsed time spent in this place.
 B = Non-inter-level travel time spent in this place.
 C = Inter-level travel time spent in this place.
 D = Time resting spent in this place.
 E = Time spent auto-exploring this place.
 F = Levels seen in this place.
 G = Mean time per level.
                   A        B        C        D        E       F      G
               +--------+--------+--------+--------+--------+-----+--------+
         Total |  34923 |  33619 |   1304 |  16139 |   4156 |  16 | 2182.7 |
       Dungeon |  20727 |  19930 |    797 |   8861 |   3367 |  10 | 2072.7 |
        Temple |     37 |     37 |      0 |      0 |      5 |   1 |   37.0 |
          Lair |  14158 |  13651 |    507 |   7277 |    784 |   5 | 2831.6 |
               +--------+--------+--------+--------+--------+-----+--------+

Top non-repeatable levels by time:
  Lair:4: 4650 daAuts
  Lair:1: 3851 daAuts
     D:4: 3674 daAuts
     D:7: 2490 daAuts
    D:10: 2298 daAuts
     D:8: 2272 daAuts
     D:5: 2253 daAuts
  Lair:5: 2066 daAuts
  Lair:3: 2054 daAuts
     D:1: 1832 daAuts
     D:6: 1572 daAuts
  Lair:2: 1535 daAuts
     D:9: 1520 daAuts
     D:2: 1470 daAuts
     D:3: 1341 daAuts
